AoeStats
← saschauli

MegaRandom

510264623Analyzed
2v2 RM · 3d ago on Sep 30, 2026· 48m 22s· 4 players
Game mode
Random Map
Map size
Medium (4 player)
Population
200
Speed
Normal
Resources
Standard
Victory
Conquest
Starting age
Dark Age
Ending age
Imperial Age
RankedLock teamsTeams togetherTeam positionsShared explorationLock speedFull tech treeHidden civsTurbo modeCheats
Victory
Defeat
🇲🇽 Gurjaras · Mexico
961
+14
🇩🇪 Lithuanians · Germany
957
+14
🇪🇸 Franks · Spain
908
-14
🇪🇸 Britons · Spain
908
-14
NIXXT103
3:58 Loom
10:10 Feudal Age
10:38 Double-Bit Axe
19:31 Castle Age
18:36 Forging
18:29 Gold Mining
18:54 Horse Collar
20:27 Bow Saw
20:20 Heavy Plow
22:41 Wheelbarrow
24:26 Iron Casting
25:54 Scale Barding Armor
26:57 Hand Cart
28:24 Chain Barding Armor
29:04 Husbandry
31:55 Fletching
32:02 Town Watch
34:58 Imperial Age
33:21 Stone Mining
34:11 Gold Shaft Mining
34:15 Padded Archer Armor
34:10 Bodkin Arrow
35:18 Stone Shaft Mining
35:10 Devotion
36:24 Bracer
37:27 Chemistry
37:26 Leather Archer Armor
37:04 Treadmill Crane
37:37 Elite Elephant Archer
39:58 Kshatriyas
40:30 Town Patrol
42:16 Scale Mail Armor
43:32 Plate Barding Armor
43:45 Heavy Camel Rider
44:49 Frontier Guards
46:43 Masonry
47:11 Hoardings
46:09 Elite Shrivamsha Rider
saschauli
11:24 Feudal Age
11:32 Feudal Age
12:16 Loom
18:01 Castle Age
16:24 Horse Collar
16:45 Double-Bit Axe
18:26 Bloodlines
19:22 Forging
19:30 Stone Mining
21:53 Bow Saw
26:03 Heavy Plow
26:36 Husbandry
27:10 Scale Barding Armor
28:19 Stone Shaft Mining
29:02 Iron Casting
28:40 Gold Mining
32:33 Light Cavalry
39:46 Imperial Age
38:25 Chain Barding Armor
37:56 Fletching
39:34 Bodkin Arrow
40:19 Wheelbarrow
40:26 Wheelbarrow
40:02 Winged Hussar
43:11 Conscription
45:55 Plate Barding Armor
44:56 Elite Leitis
rubys
8:03 Loom
9:48 Feudal Age
12:20 Wheelbarrow
14:54 Castle Age
15:28 Stone Mining
16:05 Horse Collar
18:35 Hand Cart
19:00 Fervor
19:01 Double-Bit Axe
20:48 Sanctity
25:20 Bow Saw
25:36 Fletching
26:14 Gold Mining
27:10 Padded Archer Armor
28:37 Yeomen
28:18 Bodkin Arrow
29:35 Ballistics
31:13 Leather Archer Armor
31:45 Pikeman
35:15 Imperial Age
33:02 Town Watch
33:45 Squires
34:58 Scale Mail Armor
35:19 Forging
36:05 Chain Mail Armor
36:26 Conscription
36:32 Conscription
38:04 Two-Man Saw
37:04 Halberdier
38:32 Bracer
39:02 Ring Archer Armor
39:52 Chemistry
39:43 Iron Casting
42:46 Elite Longbowman
javierprietotroncoso
0:58 Loom
11:46 Feudal Age
12:25 Double-Bit Axe
18:52 Castle Age
20:41 Wheelbarrow
20:52 Bow Saw
20:37 Gold Mining
21:25 Stone Mining
23:24 Gold Shaft Mining
22:30 Pikeman
23:42 Forging
25:08 Fletching
26:24 Bodkin Arrow
28:44 Iron Casting
28:44 Squires
28:48 Scale Mail Armor
30:21 Chain Mail Armor
30:31 Fervor
30:42 Sanctity
31:49 Ballistics
32:49 Murder Holes
33:07 Fortified Wall
33:08 Masonry
33:04 Ordonnance Companies
34:35 Padded Archer Armor
34:41 Scale Barding Armor
36:07 Leather Archer Armor
35:44 Light Cavalry
36:25 Husbandry
38:36 Hand Cart
38:34 Elite Skirmisher
40:32 Chain Barding Armor
40:56 Town Watch
42:46 Town Patrol
42:42 Treadmill Crane
49:05 Imperial Age
Connection lost

Rejoining the realm…

Still unreachable

The connection could not be restored.

Session expired

The server has moved on; the page needs a fresh start.